 Dungeon Crawl Stone Soup version 0.21.1-1-g345015fe64 (webtiles) character file.

61481 Evaline the Peltast (level 15, -6/95 HPs)
             Began as a Gargoyle Fighter on June 23, 2018.
             Was a High Priest of Okawaru.
             Engulfed by a fire crab's flame (23 damage)
             ... on level 5 of the Lair of Beasts.
             The game lasted 04:04:02 (22345 turns).

Evaline the Peltast (Gargoyle Fighter)             Turns: 22345, Time: 04:04:02

Health: -6/95      AC: 32    Str: 20    XL:     15   Next: 3%
Magic:  20/20      EV:  7    Int: 11    God:    Okawaru [*****.]
Gold:   1526       SH: 15    Dex: 13    Spells: 14/14 levels left

rFire    . . .     SeeInvis .   a - +3 flail
rCold    + . .     Gourm    .   c - +1 shield
rNeg     + . .     Faith    .   H - +0 plate armour
rPois    ∞         Spirit   .   Y - +0 helmet
rElec    +         Reflect  .   V - +0 cloak (curse)
rCorr    +         Harm     .   (no gloves)
MR       +....                  W - +0 pair of boots
Stlth    ..........             E - amulet of regeneration
HPRegen  0.65/turn              r - ring of resist corrosion
MPRegen  0.17/turn              k - ring of protection from cold

@: studying Fighting
A: big wings, negative energy resistance 1, electricity resistance, unbreathing,
petrification resistance, rot immunity, AC +11
a: Fly, Heroism, Finesse, Renounce Religion


You were on level 5 of the Lair of Beasts.
You worshipped Okawaru.
Okawaru was extremely pleased with you.
You were not hungry.

You visited 4 branches of the dungeon, and saw 21 of its levels.
You also visited: Ossuary and Bailey.

You collected 1526 gold pieces.

Inventory:

Hand Weapons
 a - a +3 flail (weapon)
 b - a +0 war axe
 e - a +0 flail of holy wrath
 q - a +1 trident of venom
 w - a +1 whip of venom
Missiles
 d - 34 tomahawks (quivered)
 Q - 7 javelins
 U - 2 tomahawks of returning
Armour
 c - a +1 shield (worn)
 z - the +1 ring mail "Viomoa" {+Blink rF+ rCorr}
   (Okawaru gifted it to you on level 9 of the Dungeon)

   It protects you from fire.
   It lets you blink.
   It protects you from acid and corrosion.
 H - a +0 plate armour (worn)
 V - a cursed +0 cloak (worn)
 W - a +0 pair of boots (worn)
 Y - a +0 helmet (worn)
Jewellery
 k - a ring of protection from cold (right hand)
 r - a ring of resist corrosion (left hand)
 x - an uncursed ring of see invisible
 C - an uncursed ring of ice
 E - an amulet of regeneration (around neck)
 G - a +3 ring of strength
Wands
 g - a wand of polymorph (4)
 j - a wand of iceblast (11)
 n - a wand of digging (13)
 y - a wand of flame (27)
 D - a wand of paralysis (11)
 R - a wand of acid (7)
Scrolls
 i - 7 scrolls of enchant armour
 m - 14 scrolls of teleportation
 o - 3 scrolls of magic mapping
 s - 6 scrolls of amnesia {unknown}
 t - a scroll of immolation {unknown}
 u - a scroll of noise {unknown}
 A - 2 scrolls of blinking {unknown}
 F - 8 scrolls of remove curse
 L - 2 scrolls of fear
 M - 2 scrolls of enchant weapon {unknown}
 N - a scroll of summoning {unknown}
 S - a scroll of torment {unknown}
 Z - 2 scrolls of fog {unknown}
Potions
 f - 8 potions of might
 l - 7 potions of curing
 p - 3 potions of cancellation
 v - 6 potions of lignification
 I - 3 potions of heal wounds
 J - a potion of mutation
 K - 4 potions of haste
 O - a potion of invisibility
 P - 4 potions of agility
 X - a potion of ambrosia
Books
 T - a manual of Fighting
Comestibles
 h - 23 rations
 B - 8 chunks of flesh


   Skills:
 - Level 11.2 Fighting
 - Level 6.3(8.9) Axes
 - Level 10.4(11.3) Maces & Flails
 - Level 3.7 Throwing
 + Level 14.7 Armour
 - Level 15.0 Shields
 * Level 7.2 Invocations


You had 14 spell levels left.
You didn't know any spells.

Dungeon Overview and Level Annotations

Branches:
Dungeon (12/15)            Temple (1/1) D:5            Lair (6/6) D:10
 Shoals (0/4) Lair:4       Spider (0/4) Lair:3        Slime (0/5) Lair:5
    Orc (2/2) D:9
    Elf: Orc:2

Altars:
Ashenzari
Cheibriados
Dithmenos
Elyvilon
Fedhas
Gozag
Hepliaklqana
Kikubaaqudgha
Makhleb
Nemelex Xobeh
Okawaru
Qazlal
Ru
Sif Muna
Trog
Uskayaw
Vehumet
Wu Jian
Xom
Yredelemnul
Zin
The Shining One
Beogh

Shops:
D:4 ?   D:11 !

Annotations:
D:11 exclusion: downstairs
D:12 Azrael
Lair:5 exclusion: downstairs
Lair:6 exclusion: oklob plant
Orc:2 Donald


Innate Abilities, Weirdness & Mutations

You are resistant to torment.
Your stone body is resilient. (AC +11)
You are immune to poison.
Your large and strong wings let you fly indefinitely.
You resist negative energy. (rN+)
You are resistant to electric shocks. (rElec)
You can survive without breathing.
You are immune to petrification.
You are immune to rotting.


Message History

The blast of flame engulfs you!
You are engulfed in blazing flames.
The fire crab breathes flames at you. The blast of flame engulfs you!
Really walk into that cloud of flame?
You are engulfed in blazing flames.
The fire crab breathes flames at you. The blast of flame engulfs you!
The fire crab breathes flames at you. The blast of flame engulfs you!
You are engulfed in blazing flames.
* * * LOW HITPOINT WARNING * * *
The fire crab breathes flames at you. The blast of flame engulfs you!
You are engulfed in blazing flames.
* * * LOW HITPOINT WARNING * * *
The fire crab breathes flames at you. The blast of flame engulfs you!
You are engulfed in blazing flames.
You die...

....#...###..## #...^.....P#..#..
.........##...###P..........#....
..........#..#.#P................
.....PP..................###P.<##
.....##....t§.§...#........###...
.........†..§§§§§§..........##..#
.......÷...#.#§§§§..............#
.#.......######§§§§.....#........
.......>..P# #§§@§§....###...#.##
..........####§§§§§.....##...#..#
#.......P.#P#P..............####.
#...............[.##.....#....#P.
..........#...(#####..#..#...#...
.PP......#......# #P...#.#..##...
..P.......###..## #.P.#####..##..
.....>...###P..######## ##.#...
##P#.....# ###...# #...P..


You could see a fire crab.

Vanquished Creatures
  Kirke (Lair:5)
  A hydra (Lair:1)
  4 two-headed ogres
  Urug (Lair:5)
  8 death yaks (D:9)
  An unseen horror (D:12)
  The ghost of Jyngge the Cleaver, a novice MiFi of the Shining One (D:7)
  An orc knight (Bailey)
  4 cyclopes
  A manticore (D:12)
  2 centaur zombies
  5 elephants (Lair:3)
  3 black mambas
  13 spiny frogs
  2 komodo dragons (Lair:4)
  A hornet (D:10)
  3 trolls
  A snapping turtle (Lair:4)
  3 hippogriffs
  Prince Ribbit (Lair:3)
  6 blink frogs
  Grinder (D:6)
  A wyvern (Lair:4)
  2 fire elementals
  Eustachio (D:4)
  A human (D:11)
  A hungry ghost (D:8)
  34 yaks
  5 hogs (Lair:5)
  3 basilisks
  3 wargs
  3 hell hounds
  3 water moccasins
  9 porcupines
  20 orc warriors
  A black bear (D:8)
  An eye of draining (D:8)
  4 ice beasts
  3 phantoms
  A sky beast (D:11)
  A hornet zombie (Ossuary)
  10 ogres
  14 wolves
  3 centaurs
  11 crocodiles
  14 bullfrogs
  A wyvern zombie (Ossuary)
  2 scorpions
  The ghost of Eurus the Grasshopper, a weakling NaWr (D:3)
  9 wights
  A howler monkey (D:7)
  7 crimson imps
  4 bullfrog zombies
  7 hounds
  3 jellies
  11 orc priests
  3 bullfrog skeletons
  4 iguanas
  Ijyb (D:3)
  Natasha (thrice) (D:4)
  12 orc wizards
  11 worker ants
  A killer bee zombie (Ossuary)
  A hound zombie (D:8)
  A hound skeleton (D:10)
  19 mummies (Ossuary)
  A howler monkey zombie (D:9)
  5 worker ant zombies
  3 gnolls (D:11)
  A howler monkey skeleton (D:5)
  24 adders
  2 shadow imps (D:5)
  2 oozes
  4 adder zombies (Ossuary)
  3 worms
  5 dart slugs
  4 leopard geckos
  71 orcs
  3 ball pythons
  6 bats
  A giant cockroach (D:6)
  5 goblins
  5 hobgoblins
  5 jackals
  4 quokkas
  7 frilled lizards
  A jackal zombie (Ossuary)
  10 kobolds
  3 leopard gecko zombies
  A quokka zombie (D:8)
  7 rats
  2 fungi
  2 plants
  A withered plant (Ossuary)
503 creatures vanquished.

Vanquished Creatures (others)
  A spiny frog (Lair:5)
  2 fungi
  5 plants
  3 withered plants (Ossuary)
11 creatures vanquished.

Grand Total: 514 creatures vanquished

Notes
Turn   | Place    | Note
-------+----------+-------------------------------------------
     0 | D:1      | Evaline the Gargoyle Fighter began the quest for the Orb.
     0 | D:1      | Reached XP level 1. HP: 14/14 MP: 1/1
    71 | D:1      | Reached XP level 2. HP: 9/19 MP: 2/2
   433 | D:1      | Reached XP level 3. HP: 23/23 MP: 3/3
   435 | D:1      | Reached skill level 4 in Shields
   991 | D:2      | Reached XP level 4. HP: 27/28 MP: 4/4
  1527 | D:2      | Found a faded altar of an unknown god.
  1530 | D:2      | Became a worshipper of the Shining One
  1530 | D:2      | Reached * piety under the Shining One
  1531 | D:2      | Fell from the grace of the Shining One
  1629 | D:2      | Noticed a bullfrog
  1642 | D:2      | Killed a bullfrog
  1642 | D:2      | Reached skill level 5 in Shields
  1642 | D:2      | Reached XP level 5. HP: 30/33 MP: 5/5
  1821 | D:2      | Found a snail-covered altar of Cheibriados.
  2212 | D:3      | Noticed Eurus's ghost (weakling NaWr)
  2224 | D:3      | Killed Eurus's ghost
  2224 | D:3      | Reached XP level 6. HP: 38/38 MP: 6/6
  2370 | D:3      | Noticed Ijyb
  2379 | D:3      | Killed Ijyb
  3090 | D:3      | Reached skill level 1 in Throwing
  3395 | D:4      | Noticed Natasha
  3407 | D:4      | Killed Natasha
  3452 | D:4      | Reached skill level 6 in Shields
  3452 | D:4      | Reached XP level 7. HP: 43/43 MP: 7/7
  3590 | D:4      | Found Aganwuh's Magic Scroll Shoppe.
  3705 | D:4      | Noticed Natasha
  3710 | D:4      | Noticed Eustachio
  3763 | D:4      | Killed Natasha
  3820 | D:4      | Noticed Natasha
  3945 | D:4      | Killed Natasha
  4234 | D:4      | Found Aganwuh's Magic Scroll Shoppe.
  4287 | D:4      | Killed Eustachio
  4365 | D:5      | Entered Level 5 of the Dungeon
  4370 | D:4      | Reached skill level 5 in Armour
  4370 | D:4      | Reached XP level 8. HP: 42/48 MP: 8/8
  4450 | D:5      | Reached skill level 7 in Shields
  4670 | D:5      | You fall through a shaft for 3 floors!
  4942 | D:7      | Noticed Jyngge's ghost (novice MiFi)
  4945 | D:7      | Reached skill level 5 in Axes
  4996 | D:7      | Reached skill level 5 in Fighting
  5171 | D:6      | Found a sand-covered staircase.
  5179 | Ossuary  | Entered an ossuary
  5196 | Ossuary  | Reached skill level 8 in Shields
  5231 | Ossuary  | Reached XP level 9. HP: 34/54 MP: 9/9
  5923 | D:5      | Found a staircase to the Ecumenical Temple.
  5932 | Temple   | Entered the Ecumenical Temple
  6113 | Temple   | Became a worshipper of Warmaster Okawaru
  6756 | D:6      | Found an iron altar of Okawaru.
  6909 | D:6      | Noticed Grinder
  6927 | D:6      | Killed Grinder
  7021 | D:6      | Reached skill level 9 in Shields
  7662 | D:7      | Killed Jyngge's ghost
  7662 | D:7      | Reached * piety under Okawaru
  7662 | D:7      | Reached skill level 1 in Maces & Flails
  7662 | D:7      | Reached skill level 1 in Invocations
  8227 | D:8      | Reached XP level 10. HP: 60/60 MP: 11/11
  8714 | D:8      | Reached skill level 10 in Shields
  8871 | D:8      | Noticed a two-headed ogre
  8903 | D:8      | Killed a two-headed ogre
  8903 | D:8      | Reached ** piety under Okawaru
  9069 | D:8      | Reached skill level 5 in Maces & Flails
  9221 | D:8      | Found a roughly hewn altar of Beogh.
  9263 | D:8      | Reached *** piety under Okawaru
  9606 | D:9      | Found a flagged portal.
  9621 | Bailey   | Entered a bailey
 10620 | Bailey   | Reached skill level 11 in Shields
 10779 | Bailey   | Reached XP level 11. HP: 35/64 MP: 10/12
 10782 | Bailey   | Noticed an orc knight
 10801 | Bailey   | Killed an orc knight
 11429 | D:9      | Found a staircase to the Orcish Mines.
 11868 | D:10     | Entered Level 10 of the Dungeon
 11912 | D:10     | Reached **** piety under Okawaru
 12140 | D:10     | Reached skill level 14 in Shields
 12140 | D:10     | Reached XP level 12. HP: 68/71 MP: 13/13
 12141 | D:10     | Reached skill level 15 in Shields
 12141 | D:10     | Reached XP level 13. HP: 77/80 MP: 14/14
 12243 | D:10     | Found a staircase to the Lair.
 12712 | D:10     | Received a gift from Okawaru
 12805 | D:9      | Reached skill level 10 in Fighting
 13522 | D:9      | Reached skill level 10 in Armour
 14058 | D:9      | Reached ***** piety under Okawaru
 14221 | D:10     | Reached skill level 10 in Maces & Flails
 14918 | D:11     | Found Ocutyune's Distillery.
 15569 | D:12     | Noticed Azrael
 15925 | D:12     | Found a basalt altar of Yredelemnul.
 15996 | D:12     | Received a gift from Okawaru
 15996 | D:12     | Gained mutation: Your large and strong wings let you fly indefinitely. [Gargoyle growth]
 15996 | D:12     | Reached XP level 14. HP: 52/90 MP: 16/16
 16516 | Orc:1    | Entered Level 1 of the Orcish Mines
 16686 | D:9      | Received a gift from Okawaru
 16701 | D:9      | Got a pitted ring mail {god gift}
 16712 | D:9      | Identified the +1 ring mail "Viomoa" {+Blink rF+ rCorr} (Okawaru gifted it to you on level 9 of the Dungeon)
 17051 | Orc:2    | Entered Level 2 of the Orcish Mines
 17051 | Orc:2    | Noticed an orc warlord
 17199 | Orc:2    | Noticed Donald
 17309 | Lair:1   | Entered Level 1 of the Lair of Beasts
 17761 | Lair:1   | Reached skill level 5 in Invocations
 19277 | Lair:3   | Found a hole to the Spider Nest.
 19884 | Lair:3   | Noticed Prince Ribbit
 19913 | Lair:3   | Killed Prince Ribbit
 20792 | Lair:4   | Received a gift from Okawaru
 20920 | Lair:4   | Found a staircase to the Shoals.
 21054 | Lair:5   | Found a staircase to the Slime Pits.
 21312 | Lair:5   | Noticed Kirke
 21386 | Lair:5   | Killed Kirke
 21739 | Lair:5   | Noticed Urug
 21770 | Lair:5   | Killed Urug
 22132 | Lair:6   | Entered Level 6 of the Lair of Beasts
 22233 | Lair:5   | Reached XP level 15. HP: 69/95 MP: 20/20
 22345 | Lair:5   | Engulfed by a fire crab's flame

Skill      XL: |  1  2  3  4  5  6  7  8  9 10 11 12 13 14 |
---------------+-------------------------------------------+-----
Axes           | 2 3 4 5 6 |  6.3
Shields        | 4 5 6 8 9 11 14 15 | 15.0
Armour         | 4 5 6 7 8 9 10 14 | 14.7
Throwing       | 1 2 3 |  3.7
Fighting       | 4 5 6 9 11 | 11.2
Maces & Flails | 1 6 7 8 10 | 10.4
Invocations    | 2 3 7 |  7.2

Action                   |  1- 3 |  4- 6 |  7- 9 | 10-12 | 13-15 || total
-------------------------+-------+-------+-------+-------+-------++-------
Melee: War axe           |   109 |   173 |   297 |    43 |   301 ||   923
       Whip              |       |    39 |   181 |    76 |   238 ||   534
       Club              |       |    34 |       |       |       ||    34
       Trident           |       |       |    65 |    34 |    28 ||   127
       Mace              |       |       |    55 |   332 |   110 ||   497
       Hand axe          |       |       |    11 |       |       ||    11
       Unarmed           |       |       |       |     2 |       ||     2
       Flail             |       |       |       |       |   756 ||   756
Throw: Tomahawk          |     6 |     8 |    19 |     7 |     7 ||    47
       Stone             |       |    45 |    39 |    19 |    56 ||   159
Invok: Renounce Religion |       |     1 |       |       |       ||     1
       Heroism           |       |       |       |     3 |     1 ||     4
  Use: Scroll            |       |       |    11 |     5 |     7 ||    23
       Potion            |       |       |     1 |     2 |     2 ||     5
  Eat: Chunk             |       |     9 |     9 |    19 |    31 ||    68
       Ration            |       |       |     2 |     1 |     1 ||     4
Armor: Scale mail        |    27 |       |       |    38 |   147 ||   212
       Chain mail        |    35 |   140 |   134 |       |       ||   309
       Skin              |       |       |     2 |       |       ||     2
       Plate armour      |       |       |   141 |   156 |   487 ||   784
Dodge: Dodged            |    27 |    74 |   107 |   107 |   289 ||   604
Block: Shield            |    79 |    63 |   260 |   149 |   938 ||  1489
       Buckler           |       |    50 |    46 |    69 |       ||   165
